[Event "FIDE WYCC Girls U16 2023"]
[Site "Montesilvano"]
[Date "2023.11.20"]
[Round "7.10"]
[White "Khuslen, Erdenebayar"]
[Black "Pragnya H G"]
[Result "*"]
[ECO "E27"]
[WhiteElo "1906"]
[BlackElo "1679"]
[Annotator "NA RC"]
[PlyCount "70"]
[EventDate "2023.11.13"]
[EventType "swiss"]
[EventCountry "ITA"]
[SourceTitle "playchess.com"]
[Source "ChessBase"]
[SourceQuality "1"]
[TimeControl "40/5400+30:1800+30"]

1. d4 Nf6 2. c4 e6 3. Nc3 Bb4 4. f3 O-O 5. a3 Bxc3+ 6. bxc3 Nh5 7. Nh3 f5 8. Bg5 Qe8 9. e4 fxe4 10. fxe4 e5 11. Be2 Nf6 12. O-O d6 13. Bxf6 Bxh3 14. Bh5 Qd7 15. gxh3 Rxf6 16. Rxf6 gxf6 17. Bg4 Qe7 18. c5 Kh8 19. Qb3 Nc6 20. Qxb7 Rg8 21. Kh1 Nd8 22. cxd6 Nxb7 23. dxe7 Re8 24. Be6 Rxe7 25. Bd5 Nd6 26. Rg1 Re8 27. dxe5 fxe5 28. c4 Nc8 29. Rb1 Nb6 30. Kg2 c6 31. c5 Nxd5 32. exd5 cxd5 33. c6 Rc8 34. Rb5 Rxc6 35. Rxd5 Ra6 *

[Event "FIDE WYCC Girls U16 2023"]
[Site "Montesilvano"]
[Date "2023.11.20"]
[Round "7.11"]
[White "Braeutigam, Katerina"]
[Black "Regidor, Kaye Lalaine"]
[Result "1/2-1/2"]
[ECO "C47"]
[WhiteElo "1904"]
[BlackElo "1598"]
[Annotator "NA RC"]
[PlyCount "125"]
[EventDate "2023.11.13"]
[EventType "swiss"]
[EventCountry "ITA"]
[SourceTitle "playchess.com"]
[Source "ChessBase"]
[SourceQuality "1"]
[TimeControl "40/5400+30:1800+30"]

1. e4 e5 2. Nf3 Nc6 3. d4 exd4 4. Nxd4 Nf6 5. Nc3 Bb4 6. Nxc6 bxc6 7. Bd3 O-O 8. O-O Re8 9. Qf3 d5 10. exd5 cxd5 11. Bg5 c6 12. Bxf6 Qxf6 13. Qxf6 gxf6 14. Ne2 Bd7 15. Ng3 Bf8 16. Rae1 Re5 17. f4 Rxe1 18. Rxe1 Rb8 19. Nh5 Bg7 20. Re3 Kf8 21. Rg3 Bh8 22. Bxh7 Ke7 23. Bd3 f5 24. b3 Bd4+ 25. Kf1 a5 26. Rh3 Rh8 27. Ke2 Kd6 28. Kd2 Be6 29. Ng3 Rg8 30. Ke2 c5 31. Kf3 c4 32. Be2 a4 33. Rh6 Kc5 34. Bd1 cxb3 35. cxb3 a3 36. Bc2 Kb4 37. Ne2 Bg7 38. Rh5 d4 39. Bxf5 Bxf5 40. Rxf5 d3 41. Rxf7 dxe2 42. Kxe2 Bd4 43. Kd3 Bg1 44. Rb7+ Ka5 45. f5 Ka6 46. Rb4 Bc5 47. Ra4+ Kb5 48. g4 Bb4 49. h3 Rh8 50. f6 Rxh3+ 51. Ke4 Rh2 52. g5 Rxa2 53. f7 Bf8 54. g6 Rg2 55. Kf5 a2 56. Kf6 Rf2+ 57. Ke6 Bg7 58. Ke7 Re2+ 59. Kd7 Rd2+ 60. Ke7 Re2+ 61. Kd7 Bf8 62. Kd8 Bg7 63. Kd7 1/2-1/2

[Event "FIDE WYCC Girls U16 2023"]
[Site "Montesilvano"]
[Date "2023.11.20"]
[Round "7.12"]
[White "Djukic, Katarina"]
[Black "Putar, Lara"]
[Result "0-1"]
[ECO "C18"]
[WhiteElo "1536"]
[BlackElo "1892"]
[Annotator "NA COMBH"]
[PlyCount "154"]
[EventDate "2023.11.13"]
[EventType "swiss"]
[EventCountry "ITA"]
[SourceTitle "playchess.com"]
[Source "ChessBase"]
[SourceQuality "1"]
[TimeControl "40/5400+30:1800+30"]

1. e4 e6 2. d4 d5 3. Nc3 Bb4 4. e5 c5 5. a3 Bxc3+ 6. bxc3 Qa5 7. Bd2 Qa4 8. Qb1 c4 9. h4 Nc6 10. h5 h6 11. g3 Nge7 12. Bh3 Bd7 13. Ne2 O-O-O 14. Nf4 Kb8 15. O-O Rdg8 16. Kh2 Qa5 17. Qd1 Nd8 18. Ng2 Ndc6 19. f4 g6 20. Ne3 gxh5 21. Be1 h4 22. g4 h5 23. Qf3 hxg4 24. Nxg4 Nf5 25. Nf6 Rg3 26. Qe2 Ne3 27. Rh1 Bc8 28. a4 Rh6 29. Ra3 Rhg6 30. Bxg3 hxg3+ 31. Kg1 Nf5 32. Bxf5 exf5 33. Rh7 Qb6 34. Ra1 Qb2 35. Rd1 Be6 36. Qd2 Qa3 37. Rh8+ Kc7 38. Rb1 b6 39. Ne8+ Kd7 40. Nd6 Qxa4 41. Qc1 Qa5 42. Qb2 Nxd4 43. Ra1 Ne2+ 44. Kg2 Nxf4+ 45. Kf3 Qc5 46. Qb5+ Qxb5 47. Nxb5 a6 48. Rxa6 d4 49. Nxd4 Nd5 50. Ra7+ Nc7 51. Ra1 Bd5+ 52. Ke3 g2 53. Rg1 Be4 54. Ne2 Nd5+ 55. Kf2 f4 56. Rh4 f5 57. exf6 Rxf6 58. Rg4 Ke6 59. Rc1 Kf5 60. Rg8 Rg6 61. Nd4+ Kf6 62. Rxg6+ Kxg6 63. Re1 Ne3 64. Kg1 Kg5 65. Re2 Kg4 66. Rf2 f3 67. Kh2 Nd1 68. Kg1 Nxf2 69. Kxf2 Kh3 70. Kg1 Kg3 71. Ne2+ Kg4 72. Nd4 b5 73. Kf2 Kh3 74. Kg1 b4 75. Nxf3 Bxf3 76. cxb4 Kg3 77. c3 Bb7 0-1

[Event "FIDE WYCC Girls U16 2023"]
[Site "Montesilvano"]
[Date "2023.11.20"]
[Round "7.13"]
[White "Kheerthi Ganta"]
[Black "Hayrapetyan, Nvard"]
[Result "1-0"]
[ECO "D05"]
[WhiteElo "2030"]
[BlackElo "1462"]
[Annotator "NA RC"]
[PlyCount "69"]
[EventDate "2023.11.13"]
[EventType "swiss"]
[EventCountry "ITA"]
[SourceTitle "playchess.com"]
[Source "ChessBase"]
[SourceQuality "1"]
[TimeControl "40/5400+30:1800+30"]

1. d4 Nf6 2. Nf3 e6 3. e3 d5 4. Bd3 c5 5. b3 cxd4 6. exd4 Nc6 7. Bb2 Bd6 8. O-O O-O 9. a3 a5 10. Nbd2 Nh5 11. g3 f5 12. Ne5 Qe8 13. f4 Nf6 14. Qe2 Ne4 15. Bb5 Bd7 16. Nxd7 Qxd7 17. c4 Bc7 18. Nf3 Qe7 19. Rac1 Na7 20. cxd5 exd5 21. Ne5 Rf6 22. Bc4 Qd6 23. Bxd5+ Qxd5 24. Rxc7 Qxb3 25. Rfc1 Nb5 26. Rc8+ Rf8 27. Rxf8+ Rxf8 28. Nd7 Re8 29. Nc5 Qd5 30. Qxb5 Nd6 31. Qb3 Qxb3 32. Nxb3 Re2 33. Bc3 b6 34. d5 Re3 35. Be5 1-0

[Event "FIDE WYCC Girls U16 2023"]
[Site "Montesilvano"]
[Date "2023.11.20"]
[Round "7.14"]
[White "Enkhrii Enkh-Amgalan"]
[Black "Zelbova, Lada"]
[Result "0-1"]
[ECO "D36"]
[WhiteElo "1821"]
[BlackElo "2057"]
[Annotator "NA RC"]
[PlyCount "92"]
[EventDate "2023.11.13"]
[EventType "swiss"]
[EventCountry "ITA"]
[SourceTitle "playchess.com"]
[Source "ChessBase"]
[SourceQuality "1"]
[TimeControl "40/5400+30:1800+30"]

1. d4 d5 2. c4 e6 3. Nc3 Nf6 4. cxd5 exd5 5. Bg5 c6 6. e3 Bd6 7. Qc2 Be6 8. Bd3 h6 9. Bh4 O-O 10. Nge2 Nbd7 11. h3 Re8 12. g4 b5 13. Bg3 Nb6 14. O-O Qb8 15. Kg2 Bd7 16. Rae1 a5 17. Nf4 b4 18. Nb1 Ne4 19. Nd2 Nxg3 20. fxg3 Ra7 21. Nh5 Be6 22. Nf3 Qc8 23. Nh4 c5 24. Qf2 c4 25. Bb1 Nd7 26. Nf5 Bf8 27. Nxh6+ gxh6 28. Qc2 f5 29. gxf5 Bf7 30. f6 Re4 31. Qe2 Qe8 32. Bxe4 dxe4 33. Qg4+ Kh8 34. Ng7 Qb8 35. Qh4 Bxg7 36. fxg7+ Kxg7 37. Rxf7+ Kxf7 38. Rf1+ Ke8 39. Qxe4+ Kd8 40. Rf7 Qd6 41. Rf2 a4 42. Qc2 Qd5+ 43. Kh2 a3 44. Qd2 c3 45. bxc3 b3 46. e4 Qxe4 0-1

[Event "FIDE WYCC Girls U16 2023"]
[Site "Montesilvano"]
[Date "2023.11.20"]
[Round "7.15"]
[White "Tomcaniova, Lucia"]
[Black "Bochnickova, Simona"]
[Result "1/2-1/2"]
[ECO "A87"]
[WhiteElo "1715"]
[BlackElo "2043"]
[Annotator "NA RC"]
[PlyCount "75"]
[EventDate "2023.11.13"]
[EventType "swiss"]
[EventCountry "ITA"]
[SourceTitle "playchess.com"]
[Source "ChessBase"]
[SourceQuality "1"]
[TimeControl "40/5400+30:1800+30"]

1. Nf3 e6 2. g3 f5 3. Bg2 Nf6 4. d4 g6 5. O-O Bg7 6. c4 O-O 7. Nc3 d6 8. Re1 Ne4 9. Qc2 Nxc3 10. Qxc3 e5 11. e3 Nd7 12. Rb1 f4 13. dxe5 fxg3 14. hxg3 Nxe5 15. Nxe5 Bxe5 16. Qd2 Qg5 17. b3 h5 18. Bb2 h4 19. Qd5+ Kh7 20. Bxe5 dxe5 21. gxh4 Qxh4 22. Rb2 Qg5 23. f4 Qg3 24. Rf2 Bf5 25. Qf3 Qxf3 26. Bxf3 e4 27. Bd1 Rad8 28. Bc2 Rd6 29. Rd1 Rfd8 30. Rxd6 Rxd6 31. Kf1 Kg7 32. Ke1 Kf6 33. Rd2 Rxd2 34. Kxd2 g5 35. fxg5+ Kxg5 36. b4 Kf6 37. Kc3 Ke5 38. a3 1/2-1/2

[Event "FIDE WYCC Girls U16 2023"]
[Site "Montesilvano"]
[Date "2023.11.20"]
[Round "7.16"]
[White "Zhanybekova, Begimay"]
[Black "Peglau, Dora"]
[Result "0-1"]
[ECO "B14"]
[WhiteElo "1664"]
[BlackElo "1937"]
[Annotator "NA RC"]
[PlyCount "119"]
[EventDate "2023.11.13"]
[EventType "swiss"]
[EventCountry "ITA"]
[SourceTitle "playchess.com"]
[Source "ChessBase"]
[SourceQuality "1"]
[TimeControl "40/5400+30:1800+30"]

1. e4 c6 2. d4 d5 3. exd5 cxd5 4. c4 Nf6 5. Nc3 g6 6. Qb3 Bg7 7. cxd5 O-O 8. Be2 Re8 9. Bf3 e6 10. Nge2 exd5 11. Nxd5 Nc6 12. Be3 Nxd5 13. Bxd5 Qa5+ 14. Kf1 Re7 15. Rc1 Qa6 16. Qc4 Qxc4 17. Rxc4 Bd7 18. Ke1 Rae8 19. Kd2 Be6 20. Bxe6 Rxe6 21. Rd1 Rd8 22. Kc1 Red6 23. a4 R6d7 24. Rd2 h6 25. Kc2 Bf8 26. Kd1 Na5 27. Rcc2 Nb3 28. Rd3 Nc5 29. Ra3 Ne6 30. Rb3 g5 31. Rd2 f5 32. f3 b6 33. g3 Bg7 34. Rbd3 Kf7 35. h4 Bf6 36. Bf2 Nc5 37. Ra3 Be7 38. Ra2 gxh4 39. gxh4 Bf6 40. Be3 Nb3 41. Rd3 Nxd4 42. Nxd4 Bxd4 43. Ke2 Re8 44. f4 Rde7 45. Rxd4 Rxe3+ 46. Kd2 Re2+ 47. Kc3 R8e3+ 48. Kc4 Re4 49. a5 Rxd4+ 50. Kxd4 Re4+ 51. Kd5 Rxf4 52. axb6 axb6 53. Ke5 Rxh4 54. Kxf5 Rh5+ 55. Ke4 Ra5 56. Ra3 Rxa3 57. bxa3 Ke6 58. Kd4 h5 59. Kc4 h4 60. Kd4 0-1

[Event "FIDE WYCC Girls U16 2023"]
[Site "Montesilvano"]
[Date "2023.11.20"]
[Round "7.17"]
[White "Hubert, Charlotte"]
[Black "Kiraly, Lilla Virag"]
[Result "*"]
[ECO "B62"]
[WhiteElo "1881"]
[BlackElo "1765"]
[Annotator "NA COMBH"]
[PlyCount "72"]
[EventDate "2023.11.13"]
[EventType "swiss"]
[EventCountry "ITA"]
[SourceTitle "playchess.com"]
[Source "ChessBase"]
[SourceQuality "1"]
[TimeControl "40/5400+30:1800+30"]

1. e4 c5 2. Nf3 d6 3. d4 cxd4 4. Nxd4 Nf6 5. Nc3 Nc6 6. Bg5 e6 7. Bb5 Bd7 8. Qd3 Nxd4 9. Bxd7+ Qxd7 10. Qxd4 Be7 11. O-O-O Rc8 12. Bxf6 Bxf6 13. Qxd6 Qxd6 14. Rxd6 Be5 15. Rd3 a6 16. Ne2 Rc4 17. Rhd1 O-O 18. f3 g5 19. h3 Kg7 20. Rd7 Rfc8 21. c3 b5 22. Rb7 R4c7 23. Rd7 Rxd7 24. Rxd7 b4 25. Kc2 a5 26. Rd3 a4 27. Kd2 a3 28. b3 bxc3+ 29. Nxc3 Rb8 30. Rd7 h5 31. Nb1 Rxb3 32. Kc1 Bf4+ 33. Nd2 Rb2 34. Kd1 Rxa2 35. Nc4 Ra1+ 36. Ke2 a2 *

[Event "FIDE WYCC Girls U16 2023"]
[Site "Montesilvano"]
[Date "2023.11.20"]
[Round "7.18"]
[White "Ismayil, Seljan"]
[Black "Schebacher, Solene"]
[Result "*"]
[ECO "E45"]
[WhiteElo "1384"]
[BlackElo "1859"]
[Annotator "NA COMBH"]
[PlyCount "83"]
[EventDate "2023.11.13"]
[EventType "swiss"]
[EventCountry "ITA"]
[SourceTitle "playchess.com"]
[Source "ChessBase"]
[SourceQuality "1"]
[TimeControl "40/5400+30:1800+30"]

1. d4 Nf6 2. c4 e6 3. Nc3 Bb4 4. e3 b6 5. Nge2 Ba6 6. a3 Be7 7. Nf4 d5 8. cxd5 Bxf1 9. Kxf1 exd5 10. g4 O-O 11. g5 Ne4 12. Nxe4 dxe4 13. h4 Bd6 14. Qg4 Bxf4 15. Qxf4 Qe7 16. Bd2 f6 17. Rc1 c5 18. dxc5 bxc5 19. Bc3 Nd7 20. Rd1 fxg5 21. Qxg5 Qxg5 22. hxg5 Nb6 23. Rh4 Rae8 24. Ke2 Rf5 25. Rdh1 Rxg5 26. Rxh7 Kf7 27. R1h5 Rxh5 28. Rxh5 Nd7 29. Rd5 Re7 30. b4 cxb4 31. Bxb4 Nf6 32. Ra5 Rb7 33. Re5 Rc7 34. Rf5 Ke6 35. Rg5 Kf7 36. Bc5 a6 37. Bd4 Rc6 38. Kf1 Rc7 39. a4 Ke6 40. a5 Kf7 41. Kg2 g6 42. Re5 *

[Event "FIDE WYCC Girls U16 2023"]
[Site "Montesilvano"]
[Date "2023.11.20"]
[Round "7.19"]
[White "Vlasova, Olesia"]
[Black "Momyn, Madina"]
[Result "1/2-1/2"]
[ECO "A62"]
[WhiteElo "1850"]
[BlackElo "1315"]
[Annotator "NA COMBH"]
[PlyCount "229"]
[EventDate "2023.11.13"]
[EventType "swiss"]
[EventCountry "ITA"]
[SourceTitle "playchess.com"]
[Source "ChessBase"]
[SourceQuality "1"]
[TimeControl "40/5400+30:1800+30"]

1. d4 Nf6 2. c4 e6 3. g3 c5 4. d5 exd5 5. cxd5 d6 6. Nc3 g6 7. Bg2 Bg7 8. Nf3 O-O 9. O-O Bf5 10. Bf4 a6 11. a4 Re8 12. Nd2 Nh5 13. e4 Nxf4 14. gxf4 Bc8 15. Nc4 Qc7 16. e5 dxe5 17. d6 Qd8 18. Nd5 Be6 19. Nxe5 Nd7 20. Nxd7 Bxd5 21. Qxd5 Qxd7 22. Qxc5 Rad8 23. Rfe1 Rxe1+ 24. Rxe1 Bf8 25. Qb6 Qxd6 26. Qxd6 Rxd6 27. Bxb7 Rb6 28. Bc8 Rxb2 29. Bxa6 Rb4 30. Ra1 Rxf4 31. a5 Bc5 32. Ra2 Rf5 33. Bb7 Bxf2+ 34. Rxf2 Rxa5 35. Rc2 Kg7 36. Kf2 Ra7 37. Bf3 Re7 38. Kg3 Ra7 39. h4 Re7 40. Kf4 h6 41. h5 gxh5 42. Kf5 Ra7 43. Bd5 Ra6 44. Rh2 Rf6+ 45. Ke5 Rg6 46. Be4 Rg5+ 47. Bf5 f6+ 48. Ke6 Rg3 49. Ke7 Re3+ 50. Be6 Re5 51. Rg2+ Rg5 52. Rf2 Ra5 53. Bf5 Re5+ 54. Be6 Ra5 55. Rg2+ Rg5 56. Ra2 h4 57. Ra8 Kg6 58. Ra4 Rg1 59. Rxh4 Kg5 60. Ra4 Rg3 61. Ra5+ Kf4 62. Kxf6 Rc3 63. Rh5 Re3 64. Rxh6 Re1 65. Rh4+ Kg3 66. Ra4 Re3 67. Bf5 Kf2 68. Be4 Rb3 69. Ke5 Ke3 70. Bd5 Rc3 71. Rg4 Rd3 72. Be4 Rc3 73. Rg2 Rc5+ 74. Bd5 Rc3 75. Rh2 Rd3 76. Bc4 Rd8 77. Rh3+ Kd2 78. Bd5 Kc2 79. Kd4 Kb2 80. Rh2+ Ka1 81. Kc4 Rc8+ 82. Kb3 Rb8+ 83. Kc3 Rb2 84. Rh8 Rc2+ 85. Kb4 Rb2+ 86. Bb3 Rf2 87. Ra8+ Kb1 88. Ka3 Ka1 89. Rd8 Ra2+ 90. Kb4 Rf2 91. Ra8+ Kb1 92. Bc4 Rb2+ 93. Kc3 Rc2+ 94. Kd4 Kb2 95. Rb8+ Ka1 96. Bd3 Rb2 97. Rh8 Rb4+ 98. Kc3 Rb3+ 99. Kd2 Rb2+ 100. Bc2 Rb6 101. Rh1+ Ka2 102. Rh4 Kb2 103. Bd3 Ka1 104. Kc3 Rb3+ 105. Kd4 Rb4+ 106. Bc4 Rb2 107. Rh3 Rd2+ 108. Bd3 Rb2 109. Rh1+ Ka2 110. Bc4+ Ka3 111. Ra1+ Kb4 112. Bd3 Rh2 113. Rb1+ Ka5 114. Kc3 Rh5 115. Rb8 1/2-1/2

[Event "FIDE WYCC Girls U16 2023"]
[Site "Montesilvano"]
[Date "2023.11.20"]
[Round "7.20"]
[White "Yu, Yuexi"]
[Black "Deak-Sala, Emilia"]
[Result "1-0"]
[ECO "E75"]
[WhiteElo "1734"]
[BlackElo "1927"]
[Annotator "NA RC"]
[PlyCount "99"]
[EventDate "2023.11.13"]
[EventType "swiss"]
[EventCountry "ITA"]
[SourceTitle "playchess.com"]
[Source "ChessBase"]
[SourceQuality "1"]
[TimeControl "40/5400+30:1800+30"]

1. d4 Nf6 2. c4 g6 3. Nc3 Bg7 4. e4 d6 5. Be2 O-O 6. Bg5 c5 7. d5 e6 8. Qd2 exd5 9. exd5 Re8 10. Nf3 Qb6 11. O-O Bf5 12. Nh4 Bg4 13. Bd3 Bd7 14. h3 Na6 15. Rac1 Nc7 16. Be3 a5 17. Kh2 Na6 18. a3 a4 19. Rb1 Qd8 20. Nf3 Nc7 21. Bg5 Bf5 22. Bxf5 gxf5 23. Qf4 Qd7 24. Bh6 Ne4 25. Bxg7 Kxg7 26. Nd1 b5 27. Ne3 bxc4 28. Nxf5+ Kh8 29. Rbd1 c3 30. bxc3 f6 31. c4 Nc3 32. Nxd6 Rf8 33. Rd2 Rab8 34. Re1 Rbd8 35. Ne4 Nxe4 36. Rxe4 Rde8 37. Rde2 Rxe4 38. Rxe4 Ne8 39. g3 Ng7 40. Qe3 Qd6 41. Qf4 Qb6 42. Kg2 Qd8 43. Nh4 Qd7 44. Qh6 Kg8 45. Qe3 Qd6 46. Re7 Qb6 47. Qh6 Rf7 48. Rxf7 Kxf7 49. Qxh7 Qb2 50. Nf5 1-0

[Event "FIDE WYCC Girls U16 2023"]
[Site "Montesilvano"]
[Date "2023.11.20"]
[Round "7.21"]
[White "Maria, Lia-Alexandra"]
[Black "Mickunaite, Agne"]
[Result "1-0"]
[ECO "B38"]
[WhiteElo "1877"]
[BlackElo "1673"]
[Annotator "NA COMBH"]
[PlyCount "71"]
[EventDate "2023.11.13"]
[EventType "swiss"]
[EventCountry "ITA"]
[SourceTitle "playchess.com"]
[Source "ChessBase"]
[SourceQuality "1"]
[TimeControl "40/5400+30:1800+30"]

1. e4 c5 2. Nf3 Nc6 3. d4 cxd4 4. Nxd4 g6 5. c4 Bg7 6. Be3 Nf6 7. f3 O-O 8. Nc3 a6 9. Qd2 e6 10. Nc2 Qe7 11. Be2 Ne8 12. f4 Nc7 13. O-O d6 14. Rad1 Ne8 15. b4 f5 16. e5 dxe5 17. Bc5 Qf7 18. Bxf8 Qxf8 19. fxe5 Nxb4 20. Nxb4 Qxb4 21. Qd8 Kf7 22. Ne4 Qe7 23. Ng5+ Kf8 24. Nxh7+ Kf7 25. Ng5+ Kf8 26. Nf3 Qxd8 27. Rxd8 Ke7 28. Rfd1 Bh6 29. Kf2 g5 30. h3 Kf7 31. Nxg5+ Bxg5 32. Bh5+ Kg7 33. Rxe8 b5 34. Bf3 Rb8 35. cxb5 axb5 36. Bc6 1-0

[Event "FIDE WYCC Girls U16 2023"]
[Site "Montesilvano"]
[Date "2023.11.20"]
[Round "7.22"]
[White "Sawan, Eman"]
[Black "Bruessow, Nina"]
[Result "1-0"]
[ECO "B51"]
[WhiteElo "1662"]
[BlackElo "1863"]
[Annotator "NA COMBH"]
[PlyCount "47"]
[EventDate "2023.11.13"]
[EventType "swiss"]
[EventCountry "ITA"]
[SourceTitle "playchess.com"]
[Source "ChessBase"]
[SourceQuality "1"]
[TimeControl "40/5400+30:1800+30"]

1. e4 c5 2. Nf3 d6 3. Bb5+ Nd7 4. O-O Ngf6 5. Re1 a6 6. Bf1 b5 7. a4 b4 8. d4 e6 9. c3 bxc3 10. Nxc3 Be7 11. e5 Ng4 12. h3 cxd4 13. exd6 dxc3 14. dxe7 Qb6 15. hxg4 cxb2 16. Be3 bxa1=Q 17. Qxa1 Qb4 18. Qxg7 Bb7 19. Qxh8+ Kxe7 20. Bg5+ f6 21. Qg7+ Ke8 22. Rxe6+ Kd8 23. Bxf6+ Kc8 24. Ne5 1-0

[Event "FIDE WYCC Girls U16 2023"]
[Site "Montesilvano"]
[Date "2023.11.20"]
[Round "7.23"]
[White "Kanishka S"]
[Black "Kovacs, Reka"]
[Result "1-0"]
[ECO "A21"]
[WhiteElo "1656"]
[BlackElo "1840"]
[Annotator "NA COMBH"]
[PlyCount "79"]
[EventDate "2023.11.13"]
[EventType "swiss"]
[EventCountry "ITA"]
[SourceTitle "playchess.com"]
[Source "ChessBase"]
[SourceQuality "1"]
[TimeControl "40/5400+30:1800+30"]

1. c4 f5 2. Nc3 Nf6 3. g3 g6 4. Bg2 Bg7 5. d3 d6 6. e4 c6 7. Nge2 e5 8. O-O O-O 9. exf5 Bxf5 10. h3 Qd7 11. Kh2 Be6 12. Bg5 Na6 13. Rc1 h6 14. Be3 d5 15. cxd5 Nxd5 16. Nxd5 Bxd5 17. Be4 Qe6 18. Nc3 Nc7 19. Nxd5 Nxd5 20. Qb3 Qf7 21. Bc5 Rfd8 22. a4 Nf6 23. Qxf7+ Kxf7 24. b4 Nd5 25. a5 Bf8 26. Bxf8 Kxf8 27. a6 Nxb4 28. axb7 Rab8 29. Bxc6 Nxd3 30. Ra1 Nb4 31. Bg2 a6 32. Rfc1 Ke7 33. Ra5 Nd3 34. Rc7+ Kd6 35. Rc8 Nb4 36. Rac5 Kd7 37. R5c7+ Kd6 38. Rxb8 Rxb8 39. Rc8 Nc6 40. Bxc6 1-0

[Event "FIDE WYCC Girls U16 2023"]
[Site "Montesilvano"]
[Date "2023.11.20"]
[Round "7.24"]
[White "Maton, Emily"]
[Black "Nguyen, Ngoc Hien"]
[Result "0-1"]
[ECO "A97"]
[WhiteElo "1837"]
[BlackElo "1642"]
[Annotator "NA COMBH"]
[PlyCount "96"]
[EventDate "2023.11.13"]
[EventType "swiss"]
[EventCountry "ITA"]
[SourceTitle "playchess.com"]
[Source "ChessBase"]
[SourceQuality "1"]
[TimeControl "40/5400+30:1800+30"]

1. d4 e6 2. c4 f5 3. Nf3 Nf6 4. g3 Be7 5. Bg2 O-O 6. O-O d6 7. Nc3 Qe8 8. b4 Nc6 9. Qb3 Nd8 10. Re1 Qh5 11. e4 fxe4 12. Nxe4 Bd7 13. Bg5 h6 14. Nxf6+ Bxf6 15. Bxf6 Rxf6 16. b5 a6 17. a4 Qf5 18. Qb1 Qh5 19. Qd3 c6 20. b6 Be8 21. Nd2 Bg6 22. Qa3 Nf7 23. Ne4 Bxe4 24. Rxe4 e5 25. Rae1 Rf8 26. dxe5 Nxe5 27. f4 Nd7 28. a5 Nc5 29. R4e2 Qf5 30. Be4 Qg4 31. Bf3 Qg6 32. Qc3 Rxf4 33. Bg2 R4f6 34. Qd4 Nd3 35. Rd1 Nc5 36. Rde1 Qf5 37. Be4 Qh5 38. Bg2 Nb3 39. Qc3 Nxa5 40. Ra2 Qc5+ 41. Kh1 Nxc4 42. Rc2 d5 43. Qd3 Rf2 44. Rcc1 Qxb6 45. Bxd5+ cxd5 46. Qxd5+ Kh8 47. Qxc4 Qf6 48. Qd3 Qb2 0-1

[Event "FIDE WYCC Girls U16 2023"]
[Site "Montesilvano"]
[Date "2023.11.20"]
[Round "7.25"]
[White "Field, Rowan Soraya"]
[Black "Sana Omprakash Kayyar"]
[Result "*"]
[ECO "C54"]
[WhiteElo "1810"]
[BlackElo "1562"]
[Annotator "NA COMBH"]
[PlyCount "49"]
[EventDate "2023.11.13"]
[EventType "swiss"]
[EventCountry "ITA"]
[SourceTitle "playchess.com"]
[Source "ChessBase"]
[SourceQuality "1"]
[TimeControl "40/5400+30:1800+30"]

1. e4 e5 2. Nf3 Nc6 3. Bc4 Nf6 4. d3 Bc5 5. O-O O-O 6. h3 h6 7. Re1 d6 8. c3 a6 9. a4 Ba7 10. Nbd2 Qe7 11. Nf1 Be6 12. Bxe6 fxe6 13. Ng3 Rad8 14. d4 exd4 15. cxd4 Qf7 16. Be3 d5 17. Qb3 Bb6 18. Ne5 Nxe5 19. dxe5 d4 20. Bd2 Nd7 21. f4 d3+ 22. Kh2 Bf2 23. Rf1 Nc5 24. Qc4 b5 25. axb5 *

[Event "FIDE WYCC Girls U16 2023"]
[Site "Montesilvano"]
[Date "2023.11.20"]
[Round "7.26"]
[White "Tadic, Ana"]
[Black "Ogay, Anastassiya"]
[Result "1/2-1/2"]
[ECO "B13"]
[WhiteElo "1791"]
[BlackElo "1213"]
[Annotator "NA COMBH"]
[PlyCount "82"]
[EventDate "2023.11.13"]
[EventType "swiss"]
[EventCountry "ITA"]
[SourceTitle "playchess.com"]
[Source "ChessBase"]
[SourceQuality "1"]
[TimeControl "40/5400+30:1800+30"]

1. e4 c6 2. d4 d5 3. exd5 cxd5 4. Bd3 Nc6 5. c3 Nf6 6. Bf4 Bg4 7. Qb3 Qc8 8. Nd2 e6 9. Ngf3 Be7 10. O-O Bh5 11. Rfe1 O-O 12. Ne5 Nxe5 13. dxe5 Nd7 14. Qc2 Bg6 15. Bxg6 fxg6 16. Bg3 g5 17. h3 Qe8 18. Nb3 a6 19. Nd4 Bc5 20. Qd2 Qg6 21. Rad1 Bxd4 22. cxd4 Rf7 23. Rc1 Raf8 24. Rc7 Nb8 25. Rxf7 Rxf7 26. Rc1 Nc6 27. f3 h5 28. Qd1 g4 29. hxg4 hxg4 30. f4 Qe4 31. Kh1 Qxd4 32. Qxg4 Qxb2 33. Rf1 Qb5 34. Rd1 Qa4 35. Rd2 Qb4 36. Rd1 Qe7 37. Bh4 Qd7 38. Rd3 Ne7 39. Rh3 Nf5 40. Bf6 Rf8 41. Qh5 Qb5 1/2-1/2

[Event "FIDE WYCC Girls U16 2023"]
[Site "Montesilvano"]
[Date "2023.11.20"]
[Round "7.27"]
[White "Mohd Nurul Izani, Kaseh Irsya Dania"]
[Black "Berezovsky, Fiorina"]
[Result "*"]
[ECO "D03"]
[WhiteElo "1291"]
[BlackElo "1787"]
[Annotator "NA COMBH"]
[PlyCount "58"]
[EventDate "2023.11.13"]
[EventType "swiss"]
[EventCountry "ITA"]
[SourceTitle "playchess.com"]
[Source "ChessBase"]
[SourceQuality "1"]
[TimeControl "40/5400+30:1800+30"]

1. d4 d5 2. Nf3 Nf6 3. Bg5 Ne4 4. Bh4 Qd6 5. c3 Qh6 6. e3 g5 7. Bg3 Nxg3 8. fxg3 g4 9. Ne5 Qxe3+ 10. Be2 h5 11. Qd2 Bh6 12. Qxe3 Bxe3 13. Rf1 O-O 14. Bd1 Nd7 15. Nd3 b6 16. Ke2 Bh6 17. Ba4 Nf6 18. Na3 Bb7 19. Rae1 Kg7 20. Kd1 e6 21. Ne5 Ne4 22. Bb5 c5 23. Nc2 Rac8 24. Bd3 f5 25. dxc5 bxc5 26. Na3 Rfd8 27. Rg1 Kf6 28. Bxe4 dxe4+ 29. Kc2 Kxe5 *

[Event "FIDE WYCC Girls U16 2023"]
[Site "Montesilvano"]
[Date "2023.11.20"]
[Round "7.28"]
[White "Radenkovic, Mila"]
[Black "Boaron, Arianna"]
[Result "*"]
[ECO "B33"]
[WhiteElo "1767"]
[BlackElo "1516"]
[Annotator "NA COMBH"]
[PlyCount "74"]
[EventDate "2023.11.13"]
[EventType "swiss"]
[EventCountry "ITA"]
[SourceTitle "playchess.com"]
[Source "ChessBase"]
[SourceQuality "1"]
[TimeControl "40/5400+30:1800+30"]

1. e4 c5 2. Nf3 Nc6 3. d4 cxd4 4. Nxd4 Nf6 5. Nc3 e5 6. Ndb5 d6 7. Bg5 a6 8. Na3 b5 9. Nd5 Be7 10. Bxf6 Bxf6 11. c3 O-O 12. Nc2 Rb8 13. g3 Bg5 14. h4 Bh6 15. Bh3 Be6 16. Kf1 g6 17. Kg2 Bg7 18. h5 Qd7 19. Qf3 f5 20. hxg6 hxg6 21. Nce3 f4 22. gxf4 exf4 23. Bxe6+ Qxe6 24. Ng4 Ne5 25. Nxe5 dxe5 26. Qh3 f3+ 27. Kg3 Qxh3+ 28. Rxh3 Rf7 29. Rd1 Rc8 30. Kg4 Rc4 31. Re1 a5 32. Rxf3 b4 33. Rxf7 Kxf7 34. b3 Rc5 35. cxb4 axb4 36. Nxb4 Rc3 37. Re2 Bf8 *

[Event "FIDE WYCC Girls U16 2023"]
[Site "Montesilvano"]
[Date "2023.11.20"]
[Round "7.29"]
[White "Bruntse, Kathrine Lindegaard"]
[Black "Dulteva, Anastasia"]
[Result "*"]
[ECO "D45"]
[WhiteElo "1746"]
[BlackElo "1498"]
[Annotator "NA COMBH"]
[PlyCount "67"]
[EventDate "2023.11.13"]
[EventType "swiss"]
[EventCountry "ITA"]
[SourceTitle "playchess.com"]
[Source "ChessBase"]
[SourceQuality "1"]
[TimeControl "40/5400+30:1800+30"]

1. d4 d5 2. c4 c6 3. Nc3 Nf6 4. e3 e6 5. Nf3 Nbd7 6. Be2 dxc4 7. a4 Bb4 8. Bxc4 O-O 9. O-O b6 10. Qb3 Qe7 11. Rd1 Bb7 12. Bd2 c5 13. Ne1 cxd4 14. exd4 Rac8 15. Nc2 Bxc3 16. bxc3 Ne4 17. Be1 Ndf6 18. f3 Nd6 19. Bf1 Nd5 20. c4 Nf4 21. Bg3 Ng6 22. Ne3 h5 23. c5 Ne8 24. cxb6 axb6 25. Qxb6 h4 26. Bf2 h3 27. Rdb1 Ba8 28. a5 Nf4 29. Bg3 Nh5 30. Bf2 Qg5 31. Qb5 Qg6 32. Bd3 f5 33. g3 Bxf3 34. a6 *